 Dungeon Crawl Stone Soup version 0.31.0-9-g3a7656b989 (webtiles) character file.

Game seed: 14732937995082068447

155 qw the Shooter (level 5, -6/26 HPs)
             Began as a Spriggan Hunter on Feb 2, 2024.
             Mangled by a gnoll bouda
             ... wielding a +0 whip
              (13 damage)
             ... on level 4 of the Dungeon.
             The game lasted 00:00:08 (2511 turns).

qw the Shooter (Spriggan Hunter)                    Turns: 2511, Time: 00:00:09

Health: -6/26      AC:  2    Str:  5 (7)  XL:     5   Next: 14%
Magic:  6/6        EV: 20    Int:  8 (10) God:
Gold:   179        SH:  0    Dex: 21      Spells: 4/4 levels left

rFire   . . .        b - +1 hand cannon (heavy)
rCold   . . .        (no shield)
rNeg    . . .        c - +0 robe
rPois   .            (helmet restricted)
rElec   .            (no cloak)
rCorr   .            (gloves unavailable)
SInv    +            (boots unavailable)
Will    +....        (no amulet)
Stlth   ++           e - ring of willpower
HPRegen 0.24/turn    (no ring)
MPRegen 0.10/turn

%: no passive effects
@: weakened, very quick
A: very small, no large weapons, unfitting armour, see invisible, speed 3
a: no special abilities


You were on level 4 of the Dungeon.
You visited 1 branch of the dungeon, and saw 4 of its levels.

You collected 179 gold pieces.


Innate Abilities, Weirdness & Mutations

You are very small and have problems with some larger weapons.
You are too small for most types of armour.
You have supernaturally acute eyesight. (SInv)
You cover ground extremely quickly. (Speed+++)


   Skills:
 - Level 2.0 Fighting
 + Level 5.3 Ranged Weapons
 - Level 5.0 Dodging
 - Level 1.5 Stealth


You had 4 spell levels left.
You didn't know any spells.
Your spell library was empty.

Inventory:

Hand Weapons
 b - a +1 heavy hand cannon (weapon)
Armour
 c - a +0 robe (worn)
Jewellery
 e - a ring of willpower (left hand)
Scrolls
 a - a scroll of teleportation
Potions
 d - a potion of resistance
 h - a potion of mutation {unknown}

Dungeon Overview and Level Annotations

Branches:
Dungeon (4/15)
 Temple: D:4-7

Altars:
Vehumet

Annotations:
D:2 1 runed translucent door, Crazy Yiuf


Message History

You shoot a bolt. The bolt hits the kobold!!
You kill the kobold!
A quokka comes into view.
You shoot a bolt. The bolt closely misses the quokka.
You shoot a bolt. The bolt closely misses the quokka.
The quokka completely misses you.
You shoot a bolt. The bolt barely misses the quokka.
The quokka misses you. x2; The quokka bites you.
You shoot a bolt. The bolt hits the quokka!
You kill the quokka!
Found a stone staircase leading down.
There is a stone staircase leading down here.
A gnoll comes into view. It is wielding a +0 spear.
Found a robe.
You shoot a bolt. The bolt hits the gnoll!!!
You kill the gnoll!
You hear a shout! x5
A gnoll comes into view. It is wielding a +0 halberd.
A gnoll comes into view. It is wielding a +1 halberd of flaming.
You shoot a bolt. The bolt barely misses the gnoll.
A gnoll bouda comes into view. It is wielding a +0 whip.
The gnoll bouda gazes fiercely through you!
You feel your attacks grow feeble.
You shoot a bolt. The bolt hits the gnoll bouda!
The gnoll bouda is heavily wounded.
You hear a shout!
A gnoll comes into view. It is wielding a +0 flail.
The gnoll bouda barks out a call to the hunt!
The gnolls pick up the pace!
The gnoll barely misses you. The gnoll misses you. The gnoll bouda misses you.
The gnoll moves out of view.
You shoot a bolt. The bolt hits the gnoll bouda.
The gnoll bouda is heavily wounded.
The gnoll completely misses you.
The gnoll hits you from afar with a +0 halberd!
The gnoll hits you from afar with a +1 halberd of flaming.
The gnoll burns you. The gnoll misses you.
The gnoll bouda hits you with a +0 whip!
Ouch! That really hurt!
You die...

#.###.## ####...##
>..##..#####.#...##
...#...#.##>.....#
##.......#......##
##...#.....#....#
#....##.......###
#....#.........####
...............g.0#
....#####......#@g#
##.## #.....##.##
....# #.....##gg
...)# ...#.#......
.#....
...###.......
###.## ## #.......#
# ..# ..[.#...# .
.. .). ...#


You could see a gnoll bouda and 3 gnolls.

Vanquished Creatures
  Natasha (D:2)
  A gnoll (D:4)
  4 adders
  2 ribbon worms (D:2)
  3 dart slugs
  An orc (D:3)
  10 ball pythons
  8 bats
  5 endoplasms
  7 giant cockroaches
  5 goblins
  6 hobgoblins
  3 quokkas
  3 frilled lizards
  6 kobolds
  5 rats
70 creatures vanquished.

Notes
Turn   | Place    | Note
-------+----------+-------------------------------------------
     0 | D:1      | qw the Spriggan Hunter began the quest for the Orb.
     0 | D:1      | Reached XP level 1. HP: 10/10 MP: 2/2
     0 | D:1      | 0 ||| qw: Version: 0.3-a-155-g5e7d8dd
     0 | D:1      | 0 ||| qw: Game counter: 1404
     0 | D:1      | 0 ||| qw: Melee chars always use a shield: true
     0 | D:1      | 0 ||| qw: God list: Okawaru
     0 | D:1      | 0 ||| qw: Allow faded altars: false
     0 | D:1      | 0 ||| qw: Do Orc after clearing Dungeon:15 true
     0 | D:1      | 0 ||| qw: Do second Lair branch before Depths: true
     0 | D:1      | 0 ||| qw: Lair rune preference: random
     0 | D:1      | 0 ||| qw: Goals: Normal
     0 | D:1      | 0 ||| PLANNING D:1-11
    26 | D:1      | Reached skill level 3 in Dodging
    89 | D:1      | Reached XP level 2. HP: 14/14 MP: 3/3
   357 | D:1      | Reached XP level 3. HP: 18/18 MP: 4/4
   555 | D:1      | 555 ||| READING scroll labelled BAIMUEJOXT.
   556 | D:1      | 556 ||| READING scroll labelled SAUMIFF YMY KAJ.
   556 | D:1      | 556 ||| ENCHANTING +0 shortbow.
   557 | D:1      | 557 ||| READING scroll labelled UTSATUANUPN.
   558 | D:1      | 558 ||| READING scroll labelled ZIOTHR XOFIRO.
   559 | D:1      | 559 ||| READING scroll labelled VAMASO ACACETE.
   559 | D:1      | 559 ||| IDENTIFYING pink potion
   560 | D:1      | 560 ||| DROPPING scroll of butterflies.
   561 | D:1      | 561 ||| DROPPING potion of lignification.
   720 | D:2      | Found a radiant altar of Vehumet.
   935 | D:2      | 935 ||| FLEEEEING.
   936 | D:2      | 936 ||| FLEEEEING.
   937 | D:2      | 937 ||| FLEEEEING.
   938 | D:2      | 938 ||| FLEEEEING.
   943 | D:2      | 943 ||| FLEEEEING.
   944 | D:2      | 944 ||| FLEEEEING.
   945 | D:2      | 945 ||| FLEEEEING.
   947 | D:2      | 947 ||| FLEEEEING.
  1014 | D:2      | 1014 ||| READING scroll of enchant weapon.
  1014 | D:2      | 1014 ||| ENCHANTING +1 shortbow.
  1136 | D:2      | Found a runed translucent door.
  1137 | D:2      | Noticed Crazy Yiuf
  1161 | D:2      | Reached XP level 4. HP: 22/22 MP: 5/5
  1435 | D:2      | Noticed Natasha
  1442 | D:2      | Killed Natasha
  1600 | D:2      | 1600 ||| READING scroll labelled SUNUIM MOTUAB.
  1601 | D:2      | 1601 ||| READING scroll labelled POEGRI VEFUOZETUM.
  1601 | D:2      | Identified a scroll of acquirement
  1601 | D:2      | 1601 ||| ACQUIRING +1 heavy hand cannon
  1601 | D:2      | Acquired a +1 heavy hand cannon
  1603 | D:2      | 1603 ||| SWAPPING to +1 heavy hand cannon.
  1604 | D:2      | 1604 ||| DROPPING +2 shortbow.
  1605 | D:2      | 1605 ||| READING scroll labelled GOYDIAG DOFUO.
  1706 | D:2      | 1706 ||| READING scroll labelled XUHIAG KIMEUDD.
  1707 | D:2      | 1707 ||| READING scroll labelled MUTOTZOEFUES.
  1725 | D:2      | 1725 ||| DRINKING 2 fizzy brown potions.
  1726 | D:2      | 1726 ||| DRINKING 2 metallic orange potions.
  1727 | D:2      | 1727 ||| DROPPING potion of degeneration.
  1903 | D:3      | Found a radiant altar of Vehumet.
  2005 | D:3      | Reached XP level 5. HP: 18/26 MP: 6/6
  2247 | D:3      | Found a faded altar of an unknown god.
  2448 | D:3      | 2448 ||| UPGRADING to ring of willpower.
  2511 | D:4      | Mangled by a gnoll bouda

Levels and vault maps discovered:
D:1:      denvon_arrival_planthouse, layout_rooms, serial_curves,
          eino_curves_03, eino_curves_03
D:2:      layout_basic, basic_altar, kennysheep_small_spiral,
          minmay_quadrilaterals, uniq_crazy_yiuf_cottage, uniq_natasha
D:3:      layout_loops_ring, nicolae_vehumet_radiance,
          shapermc_ecumenical_altar_mp_vishouse
D:4:      layout_cave_pools, chequers_garden, kennysheep_generic_room_15,
          uniq_grinder

Skill      XL: |  1  2  3  4 |
---------------+-------------+-----
Dodging        | 3 4 5 |  5.0
Ranged Weapons | 5 |  5.3
Fighting       | 2 |  2.0
Stealth        | |  1.5

Action                     |  1- 3 |  4- 6 || total
---------------------------+-------+-------++-------
   Fire: Shortbow          |   102 |    16 ||   118
         Hand cannon       |       |    47 ||    47
    Use: Scroll            |     6 |     5 ||    11
         Potion            |       |     2 ||     2
 Armour: Robe              |     5 |    16 ||    21
  Dodge: Dodged            |    17 |    45 ||    62

Table legend:
 A = Non-vault XP
 B = Vault XP
 C = Vault XP percentage of total XP
 D = Non-vault monster count
 E = Vault monster count
 F = Vault count percentage of total count
                 A         B        C        D         E       F
            +---------+---------+-------+---------+---------+-------
      Total |     164 |      58 |  26.1 |      63 |       7 |  10.0
            +---------+---------+-------+---------+---------+-------
        D:1 |      49 |       0 |   0.0 |      30 |       0 |   0.0
        D:2 |      36 |      58 |  61.7 |      11 |       7 |  38.9
        D:3 |      62 |       0 |   0.0 |      19 |       0 |   0.0
        D:4 |      17 |       0 |   0.0 |       3 |       0 |   0.0
            +---------+---------+-------+---------+---------+-------
